 Dungeon Crawl Stone Soup version 0.29-a0-721-g7f417c9bbb (webtiles) character file.

Game seed: 14082630539708104758

77 crusatyr the Cudgeller (level 4, -1/35 HPs)
             Began as a Demonspawn Monk on June 27, 2022.
             Slain by a gnoll
             ... wielding a +0 flail
              (8 damage)
             ... on level 2 of the Dungeon.
             The game lasted 00:02:58 (2142 turns).

crusatyr the Cudgeller (Demonspawn Monk)            Turns: 2142, Time: 00:02:58

Health: -1/35      AC:  9    Str: 14    XL:     4   Next: 13%
Magic:  4/4        EV: 12    Int: 11    God:
Gold:   38         SH:  0    Dex: 15    Spells: 3/3 levels left

rFire   + . .      SeeInvis .   a - +0 mace
rCold   . . .      Faith    .   (no shield)
rNeg    . . .      Spirit   .   e - +0 leather armour
rPois   .          Reflect  .   (no helmet)
rElec   .          Harm     .   k - +0 cloak
rCorr   .          Rampage  .   l - +0 pair of gloves
Will    .....                   (no boots)
Stlth   ++........              (no amulet)
HPRegen 0.11/turn               d - ring of protection from fire
MPRegen 0.09/turn               m - +4 ring of protection

@: no status effects
A: claws 1
a: no special abilities


You were on level 2 of the Dungeon.
You visited 1 branch of the dungeon, and saw 2 of its levels.

You collected 92 gold pieces.
You spent 54 gold pieces at shops.

Inventory:

Hand Weapons
 a - a +0 mace (weapon)
Armour
 e - a +0 leather armour (worn)
 k - a +0 cloak (worn)
 l - a +0 pair of gloves (worn)
Jewellery
 d - a ring of protection from fire (left hand)
 m - a +4 ring of protection (right hand)
Scrolls
 b - a scroll of vulnerability {unknown}
 g - 3 scrolls of teleportation {unknown}
 h - a scroll of silence {unknown}
 j - a scroll of identify {unknown}
Potions
 c - a potion of ambrosia
 f - a potion of heal wounds {unknown}
 i - a potion of attraction {unknown}


   Skills:
 - Level 3.0 Fighting
 + Level 4.5 Maces & Flails
 - Level 2.6 Dodging
 - Level 1.7 Stealth


You had 3 spell levels left.
You didn't know any spells.
Your spell library contained the following spells:

 Spells                   Type           Power      Damage    Failure   Level
 Ozocubu's Armour         Ice            0%         N/A       80%         3
 Metabolic Englaciation   Hex/Ice        0%         N/A       100%        5
 Simulacrum               Ice/Necr       0%         N/A       100%        6


Dungeon Overview and Level Annotations

Branches:
Dungeon (2/15)

Altars:

Shops:
D:1 (   D:2 *=[


Innate Abilities, Weirdness & Mutations

You have sharp fingernails.


Message History

The gnoll is heavily wounded.
The gnoll closely misses you.
You barely miss the gnoll.
The gnoll is heavily wounded.
The gnoll closely misses you.
You barely miss the gnoll.
The gnoll is heavily wounded.
A frilled lizard comes into view.
The gnoll closely misses you.
You barely miss the gnoll. The gnoll hits you with a +0 club.
You barely miss the gnoll. The gnoll barely misses you.
You hit the gnoll.
The gnoll is heavily wounded.
The gnoll hits you with a +0 club.
You barely miss the gnoll.
The gnoll is heavily wounded.
The gnoll barely misses you.
You hit the gnoll but do no damage.
The gnoll is heavily wounded.
The gnoll hits you with a +0 club.
You hit the gnoll but do no damage.
The gnoll is heavily wounded.
The frilled lizard misses you. The gnoll closely misses you.
The frilled lizard bites you but does no damage.
The gnoll barely misses you.
You thump the gnoll!
You kill the gnoll!
The frilled lizard barely misses you.
You have reached level 4!
You feel stronger.
You hit the frilled lizard but do no damage.
The frilled lizard closely misses you. The gnoll hits you with a +0 flail!
* * * LOW HITPOINT WARNING * * *
You hit the frilled lizard.
You kill the frilled lizard!
The gnoll misses you. The gnoll attacks as you move away!
The gnoll hits you but does no damage.
You see here a frilled lizard corpse.
You barely miss the gnoll. The gnoll hits you with a +0 flail!
You die...

#.##.......##..#....# ##...
.##.......#.....#... ......
#..'.......'....##.###
##.... ####.......#....##.#
#.###
#......†#....##.#.#.###.###
#.......#..................
#.......##g##.... #...
##########g# ... #... #@#
.. #... #...# # #... #...#
#... #...# #### #...# #....
#.... ####.. # ####


You could see 2 gnolls.

Vanquished Creatures
  2 adders (D:2)
  A gnoll (D:2)
  A worm (D:2)
  3 bats
  4 endoplasms
  2 giant cockroaches
  5 goblins
  6 hobgoblins
  3 jackals (D:2)
  3 ball pythons
  5 frilled lizards
  3 kobolds (D:2)
  6 rats
44 creatures vanquished.

Vanquished Creatures (others)
  5 plants (D:2)
5 creatures vanquished.

Grand Total: 49 creatures vanquished

Notes
Turn   | Place    | Note
-------+----------+-------------------------------------------
     0 | D:1      | crusatyr the Demonspawn Monk began the quest for the Orb.
     0 | D:1      | Reached XP level 1. HP: 18/18 MP: 1/1
    62 | D:1      | Reached skill level 3 in Maces & Flails
   410 | D:1      | Gained mutation: You have sharp fingernails. [demonic
                  | ancestry]
   410 | D:1      | Reached XP level 2. HP: 10/24 MP: 2/2
   620 | D:1      | Found Vonum's Weapon Shoppe.
  1185 | D:2      | Reached XP level 3. HP: 22/29 MP: 3/3
  1602 | D:2      | Reached skill level 4 in Maces & Flails
  1868 | D:2      | Found Ajutusoir's Armour Boutique.
  1925 | D:2      | Bought a +0 pair of gloves for 54 gold pieces
  2058 | D:2      | Found Faarudom's Jewellery Shoppe.
  2062 | D:2      | Found Qigankob's Assorted Antiques.
  2139 | D:2      | Reached XP level 4. HP: 16/35 MP: 4/4
  2142 | D:2      | Slain by a gnoll

Illustrated notes

Levels and vault maps discovered:
D:1:      eino_arrival_cavern_b, layout_basic, serial_shops, shop
D:2:      layout_basic, serial_shops, nicolae_shop_stone,
          nicolae_shop_overgrown_old_shop, nicolae_square_shop,
          nicolae_shop_temple_entry_statues_fountains, shop_fountains,
          glass_columns_a, hex_tiny

Skill      XL: |  1  2  3 |
---------------+----------+-----
Maces & Flails | 3 4 |  4.5
Fighting       | |  3.0
Dodging        | |  2.6
Stealth        | |  1.7

Action                   |  1- 3 |  4- 6 || total
-------------------------+-------+-------++-------
Melee: Mace              |   160 |     3 ||   163
       Punch             |     1 |       ||     1
 Stab: Sleeping          |     5 |       ||     5
Armor: Leather armour    |    64 |     1 ||    65
       Robe              |     2 |       ||     2
Dodge: Dodged            |   117 |     2 ||   119

Table legend: (Time is in decaauts)
 A = Elapsed time spent in this place.
 B = Non-inter-level travel time spent in this place.
 C = Inter-level travel time spent in this place.
 D = Time resting spent in this place.
 E = Time spent auto-exploring this place.
 F = Levels seen in this place.
 G = Mean time per level.
                   A        B        C        D        E       F      G
               +--------+--------+--------+--------+--------+-----+--------+
         Total |   2176 |   2156 |     20 |    392 |   1286 |   2 | 1088.0 |
       Dungeon |   2176 |   2156 |     20 |    392 |   1286 |   2 | 1088.0 |
               +--------+--------+--------+--------+--------+-----+--------+

Top non-repeatable levels by time:
     D:1: 1191 daAuts
     D:2: 984 daAuts
